[Event "1000GM Spring Break Schev-C 2024"]
[Site "San Jose"]
[Date "2024.04.02"]
[Round "1.1"]
[White "Zhou, Ruoyu"]
[Black "Alarcon Bahamondez, Roberto Ignacio"]
[Result "0-1"]
[ECO "B33"]
[WhiteElo "2168"]
[BlackElo "2335"]
[Annotator "RC"]
[PlyCount "128"]
[EventDate "2024.03.28"]
[EventType "schev"]
[EventCountry "USA"]
[SourceTitle "playchess.com"]
[Source "ChessBase"]
[SourceQuality "1"]
[TimeControl "5400+30"]

1. e4 c5 2. Nf3 Nc6 3. d4 cxd4 4. Nxd4 Qb6 5. Nb3 Nf6 6. Nc3 e6 7. Be3 Qc7 8. a3 a6 9. f4 d6 10. Bd3 b5 11. O-O Be7 12. Qe2 Bb7 13. Rad1 b4 14. axb4 Nxb4 15. Bd4 Nxd3 16. Rxd3 e5 17. fxe5 dxe5 18. Bf2 O-O 19. Rfd1 a5 20. Qf3 a4 21. Nc1 Bc5 22. Bxc5 Qxc5+ 23. Qe3 Qb4 24. N1a2 Qa5 25. h3 Rac8 26. Ra1 Rc4 27. b3 axb3 28. cxb3 Rcc8 29. b4 Qa8 30. Re1 Rc4 31. Qg5 Nxe4 32. Nxe4 Rxe4 33. Rxe4 Bxe4 34. Rg3 Bg6 35. Nc3 f6 36. Qe3 Rd8 37. Qc5 Qb7 38. Re3 Rd2 39. Re2 Rxe2 40. Nxe2 Be4 41. Qc4+ Bd5 42. Qg4 Qc6 43. Kh2 h6 44. h4 Kf7 45. Ng3 Be6 46. Qh5+ Kf8 47. Qe2 Qc4 48. Qxc4 Bxc4 49. Ne4 Ke7 50. g4 Ke6 51. Nc3 g6 52. Kg3 f5 53. gxf5+ gxf5 54. Kf3 Bd5+ 55. Kg3 h5 56. b5 Kd6 57. b6 Bc6 58. Na2 Kc5 59. Nc1 f4+ 60. Kf2 e4 61. Ne2 e3+ 62. Kf1 f3 63. Ng3 Kxb6 64. Kg1 Bb5 0-1

[Event "1000GM Spring Break Schev-C 2024"]
[Site "San Jose"]
[Date "2024.04.02"]
[Round "1.2"]
[White "Talwalkar, Vedant"]
[Black "Zuluaga Mancilla, Cesar"]
[Result "0-1"]
[ECO "B41"]
[WhiteElo "1996"]
[BlackElo "2217"]
[Annotator "RC"]
[PlyCount "138"]
[EventDate "2024.03.28"]
[EventType "schev"]
[EventCountry "USA"]
[SourceTitle "playchess.com"]
[Source "ChessBase"]
[SourceQuality "1"]
[TimeControl "5400+30"]

1. e4 c5 2. Nf3 a6 3. c4 e6 4. d4 cxd4 5. Nxd4 Nf6 6. Nc3 Qc7 7. a3 d6 8. Be3 Nbd7 9. Bd3 Ne5 10. Be2 Be7 11. f4 Ng6 12. O-O O-O 13. Rc1 Bd7 14. g4 h6 15. Qe1 Nh7 16. Qg3 Qd8 17. Nf3 Nh4 18. Rcd1 Nxf3+ 19. Qxf3 Qc7 20. Rc1 Bf6 21. Qf2 Qd8 22. Bb6 Qe7 23. c5 Bxc3 24. cxd6 Qxd6 25. Rxc3 Rfc8 26. Rd1 Qe7 27. Bc5 Qe8 28. e5 Ba4 29. b3 Bc6 30. Bd3 Nf8 31. g5 hxg5 32. fxg5 Bd5 33. Rf1 b6 34. Bd4 Rxc3 35. Bxc3 Bxb3 36. Bb4 Rd8 37. Bxa6 Rd1 38. Rxd1 Bxd1 39. Qxb6 Ng6 40. Qd6 Bc2 41. Bc4 Qc8 42. Ba6 Qa8 43. Ba5 Qf3 44. Qd8+ Kh7 45. Qd2 Be4 46. Qe2 Qh1+ 47. Kf2 Qxh2+ 48. Ke1 Qxe5 49. Bd2 Qg3+ 50. Qf2 Qxa3 51. Qh2+ Kg8 52. Be2 Qa1+ 53. Kf2 e5 54. Qh3 Qd4+ 55. Be3 Qd8 56. Qg4 Bd5 57. Bd3 Be6 58. Qe2 Nf4 59. Bxf4 exf4 60. Qe4 g6 61. Qxf4 Qxd3 62. Qb8+ Kh7 63. Qh2+ Qh3 64. Qxh3+ Bxh3 65. Kg3 Be6 66. Kf4 Kg7 67. Ke5 Kf8 68. Kf6 Ke8 69. Kg7 Ke7 0-1

[Event "1000GM Spring Break Schev-C 2024"]
[Site "San Jose"]
[Date "2024.04.02"]
[Round "1.3"]
[White "Guo, Ethan"]
[Black "Figueredo Losada, Leonel"]
[Result "0-1"]
[ECO "C71"]
[WhiteElo "2227"]
[BlackElo "2325"]
[Annotator "RC"]
[PlyCount "78"]
[EventDate "2024.03.28"]
[EventType "schev"]
[EventCountry "USA"]
[SourceTitle "playchess.com"]
[Source "ChessBase"]
[SourceQuality "1"]
[TimeControl "5400+30"]

1. e4 e5 2. Nf3 Nc6 3. Bb5 a6 4. Ba4 d6 5. c4 Bd7 6. Nc3 g6 7. Bxc6 Bxc6 8. d4 Bg7 9. O-O Ne7 10. Be3 O-O 11. d5 Bd7 12. c5 f5 13. Qb3 Bc8 14. cxd6 cxd6 15. Bb6 Qe8 16. Qb4 Rf6 17. Nd2 f4 18. f3 Bd7 19. Bc7 b5 20. a4 Ra7 21. Bb6 Rb7 22. Bf2 g5 23. Nc4 Qh5 24. Nxd6 Rh6 25. Rfd1 Qxh2+ 26. Kf1 Rb8 27. Nf5 Nxf5 28. exf5 Bxf5 29. Qe7 Bf6 30. Qa7 Rf8 31. Ke2 e4 32. Nxe4 Bxe4 33. Rh1 Qxg2 34. Rxh6 Qxf3+ 35. Kf1 Qg2+ 36. Ke2 Bg6 37. Rg1 Re8+ 38. Kd2 Qxd5+ 39. Kc1 Rc8+ 0-1

[Event "1000GM Spring Break Schev-C 2024"]
[Site "San Jose"]
[Date "2024.04.02"]
[Round "1.4"]
[White "Jimenez Garcia, Emmanuel"]
[Black "Guo, Andrew"]
[Result "1-0"]
[ECO "E61"]
[WhiteElo "2421"]
[BlackElo "2216"]
[Annotator "TA"]
[PlyCount "81"]
[EventDate "2024.03.28"]
[EventType "schev"]
[EventCountry "USA"]
[SourceTitle "playchess.com"]
[Source "ChessBase"]
[SourceQuality "1"]
[TimeControl "5400+30"]

1. Nf3 Nf6 2. d4 g6 3. c4 Bg7 4. Nc3 O-O 5. Bg5 d6 6. e3 Nbd7 7. Be2 e5 8. Qc2 exd4 9. Nxd4 Nc5 10. Bh4 Ne6 {[%emt 0:04:39] The position is equal.} 11. Nb3 Bd7 12. Rd1 Bc6 13. O-O a5 14. a4 Qe8 15. Nb5 b6 16. Rfe1 Qc8 17. f3 Nd7 18. Bf1 Re8 19. Nc1 f5 20. Ne2 Ne5 {[%emt 0:03:20][%cal Oc6f3] ...Bxf3! is the strong threat.} 21. Ned4 Bb7 22. Bg3 (22. Nxe6 $14 Rxe6 23. e4 fxe4 24. fxe4) 22... Kh8 23. Nc3 Nc6 24. Ndb5 Nb4 25. Qf2 Nc5 26. h4 (26. Nd5 $15 Bxd5 27. cxd5) 26... Be5 ({Better is} 26... Rf8 $17) 27. Bf4 Kg7 (27... Qd7 {simplifies} 28. Nd5 Bxd5 29. cxd5 Bxf4 30. exf4 Rxe1 31. Rxe1 Qg7) 28. h5 Bf6 29. Qg3 Ne6 $2 {[%emt 0:00:33] [#] This costs Black the game.} (29... Qd8 $11 {and Black stays safe.}) 30. Bxd6 $1 $18 cxd6 (30... Nc2 31. Re2) 31. Nxd6 Qb8 (31... f4 {might work better.} 32. Qg4 (32. Nxe8+ Qxe8 33. exf4 Qc8 $16) 32... Qc5 33. Nxb7 (33. Nxe8+ Rxe8 34. Rd7+ Re7 $18) 33... Qxh5) 32. hxg6 (32. Nxe8+ $6 Qxe8 33. Nb5 Qe7 $18 (33... Bxb2 $2 34. Nc7 $18)) 32... h5 $2 (32... Kh8 33. Qh3 (33. Nxf5 $2 Qxg3 34. Nxg3 hxg6 $19) 33... Re7 34. Nxf5 (34. Qxf5 Qf8 $18) 34... Qf8) 33. Nxf5+ (33. Nxe8+ Qxe8 34. Qh3 Nc5 $18) 33... Kg8 34. Qh3 Ng7 35. Nxg7 Bxg7 36. c5 {[%emt 0:00:36] Bc4+ would now be deadly.} (36. Qxh5 Qe5 37. Qh7+ Kf8 $18) 36... Bc8 (36... Qe5 $142 37. Bc4+ (37. cxb6 Re7 $18) 37... Kf8) 37. Bc4+ Kf8 {[%emt 0:00:04] [#]} 38. Rd7 $1 Bxd7 (38... Re5 39. Rf7+) 39. Qxd7 {[%emt 0:00:01][%csl Gc4,Gg6][%cal Rd7f7] White mates.} Re7 {[%emt 0:00:26] Black is weak on the light squares} 40. Qf5+ Ke8 41. Bb5+ {[%emt 0:00:24] Weighted Error Value: White=0.60/Black=0.54.  Loses game:     	---       	Black=1      Mistake:       	White=2     	Black=4      Inaccurate:     	White=4     	Black=7      OK:         	White=7     	Black=6      Best:        	White=1     	---        Brilliant:      	White=1     	---} ({Less strong is} 41. Qxh5 Qe5 42. Bf7+ Kd8 $11) 1-0

[Event "1000GM Spring Break Schev-C 2024"]
[Site "San Jose"]
[Date "2024.04.02"]
[Round "1.5"]
[White "Arenas, David"]
[Black "Wang, Jeffery"]
[Result "1-0"]
[ECO "C54"]
[WhiteElo "2368"]
[BlackElo "2056"]
[Annotator "RC"]
[PlyCount "67"]
[EventDate "2024.03.28"]
[EventType "schev"]
[EventCountry "USA"]
[SourceTitle "playchess.com"]
[Source "ChessBase"]
[SourceQuality "1"]
[TimeControl "5400+30"]

1. e4 e5 2. Nf3 Nc6 3. Bc4 Bc5 4. c3 Nf6 5. d3 d6 6. O-O a5 7. Nbd2 O-O 8. h3 h6 9. Re1 Be6 10. b3 Ba7 11. Nf1 Ne7 12. Ng3 Ng6 13. a4 Re8 14. Bxe6 Rxe6 15. d4 d5 16. exd5 Nxd5 17. c4 Nb4 18. d5 Re8 19. Bb2 c6 20. Nxe5 Nxe5 21. Rxe5 Rxe5 22. Bxe5 Qg5 23. Qh5 cxd5 24. Qxg5 hxg5 25. cxd5 Rd8 26. Nf5 g6 27. Bf6 Rd7 28. Ne7+ Kf8 29. Rc1 Rxe7 30. d6 Bxf2+ 31. Kf1 Re1+ 32. Rxe1 Bxe1 33. d7 Nc6 34. Kxe1 1-0

[Event "1000GM Spring Break Schev-C 2024"]
[Site "San Jose"]
[Date "2024.04.03"]
[Round "2.1"]
[White "Zuluaga Mancilla, Cesar"]
[Black "Zhou, Ruoyu"]
[Result "1/2-1/2"]
[ECO "D30"]
[WhiteElo "2206"]
[BlackElo "2149"]
[Annotator "RC"]
[PlyCount "60"]
[EventDate "2024.03.28"]
[EventType "schev"]
[EventCountry "USA"]
[SourceTitle "playchess.com"]
[Source "ChessBase"]
[SourceQuality "1"]
[TimeControl "5400+30"]

1. d4 d5 2. Nf3 Nf6 3. c4 e6 4. Qc2 Be7 5. Bf4 O-O 6. e3 c5 7. dxc5 Qa5+ 8. Nc3 Qxc5 9. Qb3 Nc6 10. cxd5 exd5 11. Be2 d4 12. exd4 Nxd4 13. Nxd4 Qxd4 14. Be3 Qb4 15. Qxb4 Bxb4 16. O-O Bd7 17. Bf3 Bxc3 18. bxc3 Bc6 19. Bxc6 bxc6 20. Rab1 Nd5 21. Bd4 c5 22. Bxc5 Rfc8 23. Bd4 Nxc3 24. Bxc3 Rxc3 25. Rb7 Ra3 26. Rfb1 g6 27. R1b2 Rc8 28. g3 a5 29. Ra7 h5 30. h4 Rd8 1/2-1/2

[Event "1000GM Spring Break Schev-C 2024"]
[Site "San Jose"]
[Date "2024.04.03"]
[Round "2.2"]
[White "Figueredo Losada, Leonel"]
[Black "Talwalkar, Vedant"]
[Result "1-0"]
[ECO "A04"]
[WhiteElo "2323"]
[BlackElo "2020"]
[Annotator "RC"]
[PlyCount "113"]
[EventDate "2024.03.28"]
[EventType "schev"]
[EventCountry "USA"]
[SourceTitle "playchess.com"]
[Source "ChessBase"]
[SourceQuality "1"]
[TimeControl "5400+30"]

1. Nf3 f5 2. d3 d6 3. e4 e5 4. Nc3 Nf6 5. exf5 Bxf5 6. d4 Nc6 7. Bb5 exd4 8. Nxd4 Bd7 9. Bxc6 bxc6 10. O-O Be7 11. Qe2 O-O 12. Nxc6 Bxc6 13. Qc4+ Kh8 14. Qxc6 Rb8 15. Nd5 Nxd5 16. Qxd5 Qd7 17. b3 Bf6 18. Rb1 Rbe8 19. Be3 Be5 20. Qd2 Qg4 21. f4 Bf6 22. Rbe1 Qf5 23. Bf2 Rd8 24. Re2 a5 25. a4 Rb8 26. Rfe1 Bb2 27. g3 Qf6 28. Re6 Qc3 29. Qxc3 Bxc3 30. R1e2 Bf6 31. R2e4 d5 32. Re2 d4 33. Rd2 c5 34. Rc6 Rfc8 35. Rxc8+ Rxc8 36. Kf1 Kg8 37. Ke2 Kf7 38. Kd3 Ke6 39. Kc4 Kd6 40. Re2 Rb8 41. Be1 Ra8 42. g4 h6 43. Bg3 Rd8 44. f5+ Kc6 45. Re6+ Kb7 46. Bd6 h5 47. Be7 Rd7 48. Bxf6 gxf6 49. h3 hxg4 50. hxg4 Rg7 51. Rxf6 Rxg4 52. Kxc5 Rg2 53. Kxd4 Rxc2 54. Re6 Rf2 55. f6 Kc7 56. Kc4 Kd7 57. Ra6 1-0

[Event "1000GM Spring Break Schev-C 2024"]
[Site "San Jose"]
[Date "2024.04.03"]
[Round "2.3"]
[White "Jimenez Garcia, Emmanuel"]
[Black "Guo, Ethan"]
[Result "1/2-1/2"]
[ECO "A07"]
[WhiteElo "2421"]
[BlackElo "2211"]
[Annotator "RC"]
[PlyCount "59"]
[EventDate "2024.03.28"]
[EventType "schev"]
[EventCountry "USA"]
[SourceTitle "playchess.com"]
[Source "ChessBase"]
[SourceQuality "1"]
[TimeControl "5400+30"]

1. Nf3 d5 2. g3 Nd7 3. Bg2 e5 4. d3 Bd6 5. c4 dxc4 6. dxc4 Ngf6 7. Nc3 O-O 8. O-O h6 9. a3 a5 10. Rb1 e4 11. Nd4 Re8 12. b4 axb4 13. axb4 Be5 14. e3 c5 15. Ndb5 cxb4 16. Nxe4 Nxe4 17. Bxe4 Bxg3 18. fxg3 Rxe4 19. Rxf7 Kxf7 20. Nd6+ Kf8 21. Nxe4 Qe7 22. Nf2 Kg8 23. Bd2 Qf7 24. Bxb4 Ra2 25. Be1 Ne5 26. Ra1 Rxa1 27. Qxa1 Nf3+ 28. Kg2 Nxe1+ 29. Qxe1 Qxc4 30. Qd1 1/2-1/2

[Event "1000GM Spring Break Schev-C 2024"]
[Site "San Jose"]
[Date "2024.04.03"]
[Round "2.4"]
[White "Guo, Andrew"]
[Black "Arenas, David"]
[Result "1-0"]
[ECO "E08"]
[WhiteElo "2215"]
[BlackElo "2366"]
[Annotator "RC"]
[PlyCount "79"]
[EventDate "2024.03.28"]
[EventType "schev"]
[EventCountry "USA"]
[SourceTitle "playchess.com"]
[Source "ChessBase"]
[SourceQuality "1"]
[TimeControl "5400+30"]

1. d4 Nf6 2. c4 e6 3. Nf3 d5 4. g3 Bb4+ 5. Bd2 Be7 6. Bg2 O-O 7. Qc2 c6 8. O-O a5 9. Bf4 Nbd7 10. Rd1 Nh5 11. Bc1 Nhf6 12. Nbd2 b6 13. e4 Ba6 14. b3 Rc8 15. Bb2 b5 16. e5 Ne8 17. c5 f5 18. exf6 Bxf6 19. Re1 Nc7 20. Nf1 Re8 21. h4 b4 22. N1h2 a4 23. bxa4 Ra8 24. Bh3 Ra7 25. Ng4 Qa8 26. Bc1 Bc8 27. Bf4 Bd8 28. Ng5 Nf8 29. Bd6 Re7 30. Bxe7 Bxe7 31. Ne5 Bxg5 32. hxg5 Rxa4 33. Bf1 Ra3 34. Reb1 Na6 35. Rb3 Ra5 36. Nd3 Ng6 37. Nxb4 Nxb4 38. Rxb4 e5 39. dxe5 Nxe5 40. Qe2 1-0

[Event "1000GM Spring Break Schev-C 2024"]
[Site "San Jose"]
[Date "2024.04.03"]
[Round "2.5"]
[White "Wang, Jeffery"]
[Black "Alarcon Bahamondez, Roberto Ignacio"]
[Result "1/2-1/2"]
[ECO "B06"]
[WhiteElo "2056"]
[BlackElo "2300"]
[Annotator "RC"]
[PlyCount "57"]
[EventDate "2024.03.28"]
[EventType "schev"]
[EventCountry "USA"]
[SourceTitle "playchess.com"]
[Source "ChessBase"]
[SourceQuality "1"]
[TimeControl "5400+30"]

1. e4 g6 2. d4 Bg7 3. Bc4 a6 4. Nf3 e6 5. O-O d6 6. a4 b6 7. Qe2 Bb7 8. Rd1 Ne7 9. Bf4 O-O 10. Ba2 Nd7 11. Nbd2 Nc6 12. c3 h6 13. Nf1 Qe7 14. Ne3 Nf6 15. Nc4 g5 16. Nxg5 e5 17. dxe5 dxe5 18. Bd2 hxg5 19. Bxg5 Rfd8 20. Qf3 Rxd1+ 21. Rxd1 Rd8 22. Rxd8+ Nxd8 23. Ne3 Ne6 24. Nf5 Qf8 25. Nh6+ Bxh6 26. Bxf6 Bg7 27. Qg4 Kh8 28. Qh4+ Kg8 29. Qg4 1/2-1/2

[Event "1000GM Spring Break Schev-C 2024"]
[Site "San Jose"]
[Date "2024.04.03"]
[Round "3.1"]
[White "Zhou, Ruoyu"]
[Black "Figueredo Losada, Leonel"]
[Result "1/2-1/2"]
[ECO "B84"]
[WhiteElo "2149"]
[BlackElo "2323"]
[Annotator "RC"]
[PlyCount "64"]
[EventDate "2024.03.28"]
[EventType "schev"]
[EventCountry "USA"]
[SourceTitle "playchess.com"]
[Source "ChessBase"]
[SourceQuality "1"]
[TimeControl "5400+30"]

1. e4 c5 2. Nf3 d6 3. d4 cxd4 4. Nxd4 Nf6 5. Nc3 a6 6. Be3 e6 7. a4 Nc6 8. Be2 Be7 9. O-O O-O 10. f4 Qc7 11. Kh1 Rb8 12. Bf3 Bd7 13. g4 Nxd4 14. Bxd4 Bc6 15. g5 Nd7 16. Bg2 e5 17. Be3 exf4 18. Bxf4 Ne5 19. Qh5 g6 20. Qh6 Rfe8 21. Bxe5 Bf8 22. Bxd6 Qxd6 23. Qh4 Qe5 24. Nd5 Bxd5 25. exd5 Rbd8 26. c3 Re7 27. Rad1 Bg7 28. Rd3 Qe2 29. d6 Red7 30. Rfd1 Qe5 31. Qg3 Qxg3 32. hxg3 Be5 1/2-1/2

[Event "1000GM Spring Break Schev-C 2024"]
[Site "San Jose"]
[Date "2024.04.03"]
[Round "3.2"]
[White "Talwalkar, Vedant"]
[Black "Jimenez Garcia, Emmanuel"]
[Result "1/2-1/2"]
[ECO "B67"]
[WhiteElo "2020"]
[BlackElo "2421"]
[Annotator "TA"]
[PlyCount "51"]
[EventDate "2024.03.28"]
[EventType "schev"]
[EventCountry "USA"]
[SourceTitle "playchess.com"]
[Source "ChessBase"]
[SourceQuality "1"]
[TimeControl "5400+30"]

1. e4 c5 2. Nf3 d6 3. d4 cxd4 4. Nxd4 Nf6 5. Nc3 Nc6 6. Bg5 e6 7. Qd2 a6 8. O-O-O Bd7 9. f4 b5 10. Nxc6 Bxc6 11. Qd4 h6 {[%emt 0:00:30] [#]} (11... Be7 $11) 12. Bh4 (12. Bxf6 $1 $16 gxf6 13. f5) 12... Be7 $11 13. Be2 Qc7 ({Better is} 13... O-O $15) 14. Bxf6 gxf6 15. f5 Qa7 16. Bh5 {[%emt 0:00:30] White has more active pieces.} (16. fxe6 $14 fxe6 17. Qd3) 16... Qxd4 17. Rxd4 Kf8 18. Bg4 Rg8 19. Bh3 Bd7 20. fxe6 fxe6 21. Nd5 Bd8 {[%emt 0:00:00] Prevents Nb6} 22. Rf1 Kf7 {[%emt 0:00:00] [#]} 23. Nxf6 $1 Bxf6 24. Rxd6 {[%emt 0:00:00] The position is equal.} (24. e5 $5 Rg6 25. Rd3 $14 (25. exf6 d5 $11) (25. Rxf6+ Rxf6 26. exf6 d5 $14)) 24... Ke7 25. Rxd7+ $1 Kxd7 26. Rxf6 {[%emt 0:00:00] Weighted Error Value: White=0.23 (precise) /Black=0.27 (precise) .  Mistake:       	White=2     	Black=2      Inaccurate:     	White=1     	Black=4      OK:         	White=4     	Black=5      Best:        	White=1     	Black=1      Strong:       	White=1     	---        Brilliant:      	White=1     	---} 1/2-1/2

[Event "1000GM Spring Break Schev-C 2024"]
[Site "San Jose"]
[Date "2024.04.03"]
[Round "3.3"]
[White "Arenas, David"]
[Black "Guo, Ethan"]
[Result "1-0"]
[ECO "B50"]
[WhiteElo "2366"]
[BlackElo "2211"]
[Annotator "RC"]
[PlyCount "61"]
[EventDate "2024.03.28"]
[EventType "schev"]
[EventCountry "USA"]
[SourceTitle "playchess.com"]
[Source "ChessBase"]
[SourceQuality "1"]
[TimeControl "5400+30"]

1. e4 c5 2. Nf3 d6 3. Bc4 Nf6 4. d3 e6 5. Bb3 b5 6. c3 Be7 7. O-O O-O 8. Re1 a5 9. a4 b4 10. d4 Bb7 11. Nbd2 d5 12. e5 Ne4 13. cxb4 c4 14. Bc2 Nxd2 15. Nxd2 axb4 16. b3 Nc6 17. Qg4 Re8 18. Re3 g6 19. Rh3 Rc8 20. Nf3 cxb3 21. Bxg6 hxg6 22. Ng5 Nxe5 23. Qh4 Bf6 24. dxe5 Bg7 25. Qh7+ Kf8 26. Nxf7 Qc7 27. Bh6 Bxh6 28. Qxh6+ Ke7 29. Nd6 b2 30. Qg5+ Kd7 31. Rh7+ 1-0

[Event "1000GM Spring Break Schev-C 2024"]
[Site "San Jose"]
[Date "2024.04.03"]
[Round "3.4"]
[White "Alarcon Bahamondez, Roberto Ignacio"]
[Black "Guo, Andrew"]
[Result "1/2-1/2"]
[ECO "A36"]
[WhiteElo "2300"]
[BlackElo "2215"]
[Annotator "RC"]
[PlyCount "51"]
[EventDate "2024.03.28"]
[EventType "schev"]
[EventCountry "USA"]
[SourceTitle "playchess.com"]
[Source "ChessBase"]
[SourceQuality "1"]
[TimeControl "5400+30"]

1. c4 g6 2. Nc3 Bg7 3. g3 c5 4. Bg2 Nc6 5. e3 d6 6. Nge2 Bf5 7. d3 Qc8 8. h3 Nf6 9. g4 Bd7 10. d4 cxd4 11. exd4 O-O 12. b3 h5 13. g5 Ne8 14. Be3 Bf5 15. Qd2 Nc7 16. Rc1 Re8 17. Nd5 e5 18. O-O exd4 19. Nxd4 Nxd4 20. Bxd4 Bxd4 21. Qxd4 Nxd5 22. Bxd5 Bxh3 23. Bxf7+ Kxf7 24. Qf6+ Kg8 25. Qxg6+ Kh8 26. Qh6+ 1/2-1/2

[Event "1000GM Spring Break Schev-C 2024"]
[Site "San Jose"]
[Date "2024.04.03"]
[Round "3.5"]
[White "Wang, Jeffery"]
[Black "Zuluaga Mancilla, Cesar"]
[Result "0-1"]
[ECO "B41"]
[WhiteElo "2056"]
[BlackElo "2206"]
[Annotator "RC"]
[PlyCount "102"]
[EventDate "2024.03.28"]
[EventType "schev"]
[EventCountry "USA"]
[SourceTitle "playchess.com"]
[Source "ChessBase"]
[SourceQuality "1"]
[TimeControl "5400+30"]

1. e4 c5 2. Nf3 e6 3. d4 cxd4 4. Nxd4 a6 5. c4 Nf6 6. Nc3 Qc7 7. a3 b6 8. Be3 d6 9. Be2 Bb7 10. f3 Nbd7 11. Rc1 Rc8 12. O-O Be7 13. Qd2 O-O 14. b4 Qb8 15. Rfd1 Rfe8 16. Bf1 Bd8 17. Qf2 Bc7 18. h3 h6 19. Kh1 Kh7 20. Nb3 Rg8 21. Qc2 Kh8 22. Qd2 Rcd8 23. Bd4 Rge8 24. Na4 Bc6 25. Nb2 Ba8 26. Nd3 Kh7 27. Ba1 Ne5 28. Nxe5 dxe5 29. Qf2 Nh5 30. a4 f5 31. exf5 exf5 32. Bd3 e4 33. fxe4 Ng3+ 34. Kg1 fxe4 35. Bb1 Bf4 36. Rxd8 Qxd8 37. Re1 Rf8 38. Nd4 Qe7 39. Ne2 Be5 40. Qxb6 Nxe2+ 41. Rxe2 Bxa1 42. Qe3 Qxb4 43. Bxe4+ Bxe4 44. Qxe4+ Kh8 45. Qc6 Qb1+ 46. Kh2 Qf5 47. Qd6 Qf4+ 48. Qxf4 Rxf4 49. Re6 a5 50. Rc6 Be5 51. Kg1 Kh7 0-1

[Event "1000GM Spring Break Schev-C 2024"]
[Site "San Jose"]
[Date "2024.04.04"]
[Round "4.1"]
[White "Jimenez Garcia, Emmanuel"]
[Black "Zhou, Ruoyu"]
[Result "1-0"]
[ECO "C00"]
[WhiteElo "2421"]
[BlackElo "2149"]
[Annotator "TA"]
[PlyCount "129"]
[EventDate "2024.03.28"]
[EventType "schev"]
[EventCountry "USA"]
[SourceTitle "playchess.com"]
[Source "ChessBase"]
[SourceQuality "1"]
[TimeControl "5400+30"]

1. Nf3 d5 2. g3 e6 3. Bg2 Nf6 4. O-O Be7 5. d3 O-O 6. Nbd2 c5 7. e4 Nc6 8. a4 b6 {[%emt 0:03:01] C00: French: Unusual White 2nd moves.} 9. e5 Nd7 10. Re1 Qc7 11. Qe2 Bb7 12. Nf1 d4 13. h4 Rfe8 $146 ({Predecessor:} 13... Rfc8 14. Bf4 Nf8 15. Bg5 Bxg5 16. Nxg5 h6 17. Nf3 a6 18. N1d2 Nb4 19. Nc4 Bc6 {1-0 Safronov,K (1875)-Opanasenko,M (2103) St Petersburg Blockade op 2011 (4)}) 14. h5 h6 15. Bf4 Nf8 16. N1d2 Nb4 17. Nc4 Nd5 18. Bd2 Nh7 19. Nh2 Bf8 20. Be4 Nb4 21. Bxb4 cxb4 22. Nf3 ({White should try} 22. Bxb7 $16 Qxb7 23. Rf1) 22... Bc5 23. Bxb7 Qxb7 24. Qe4 Qd7 25. a5 Rab8 26. axb6 axb6 27. Ra6 Qd8 28. Kg2 Ng5 29. Nxg5 Qxg5 30. Qf3 Qd8 31. Rea1 Rf8 32. Re1 (32. b3 $16) 32... Qd7 (32... Re8 $1 $11) 33. Nd2 Rbc8 34. Qe4 Qe7 35. Nf3 Rcd8 36. Rea1 Qd7 ({Better is} 36... Rd5 37. Ra7 Qe8) 37. Ra7 $16 Qb5 (37... Qd5 $142) 38. b3 Rd7 39. g4 Rfd8 40. g5 Bf8 41. gxh6 gxh6 42. Rxd7 Qxd7 43. Kh3 Bg7 44. Rg1 Kh8 45. Qg4 f5 46. exf6 Bxf6 47. Re1 ({White should play} 47. Qg6 $18 Bg7 48. Rg4) 47... Qd5 $1 $14 48. Rg1 (48. Nh4 $1 $14 Bxh4 49. Kxh4) 48... Qd7 $1 $18 49. Rg3 e5 {[%emt 0:00:27] [#]} (49... Rf8 $16 50. Kg2 Bg7) 50. Qxd7 $1 $18 Rxd7 51. Rg6 Bg7 52. Rxb6 Rc7 53. Ne1 ({Much less strong is} 53. Rxb4 $6 Rxc2 54. Rb8+ Kh7 $18) 53... Rf7 54. Kg3 ({But not} 54. Rxb4 $6 Rxf2 55. Rb8+ Kh7 $14) 54... Rf5 55. Rxb4 (55. Nf3 $18) 55... Rxh5 (55... Rg5+ $16 {was necessary.} 56. Kf3 Rxh5) 56. Nf3 $18 Rf5 (56... Rh1 $142 57. Rc4 Kg8) 57. Rb8+ $18 Kh7 58. b4 Bf8 59. Rb7+ Kg8 60. Nd2 h5 $2 (60... Rf7 61. Rxf7 Kxf7) 61. Ne4 $18 Bh6 (61... Rf7 $142) 62. b5 $18 Bf4+ 63. Kh3 Be3 64. b6 Rf8 65. Rc7 1-0

[Event "1000GM Spring Break Schev-C 2024"]
[Site "San Jose"]
[Date "2024.04.04"]
[Round "4.2"]
[White "Arenas, David"]
[Black "Talwalkar, Vedant"]
[Result "1/2-1/2"]
[ECO "B58"]
[WhiteElo "2366"]
[BlackElo "2020"]
[Annotator "RC"]
[PlyCount "86"]
[EventDate "2024.03.28"]
[EventType "schev"]
[EventCountry "USA"]
[SourceTitle "playchess.com"]
[Source "ChessBase"]
[SourceQuality "1"]
[TimeControl "5400+30"]

1. e4 c5 2. Nf3 d6 3. d4 cxd4 4. Nxd4 Nf6 5. Nc3 Nc6 6. Be2 e5 7. Nf3 h6 8. O-O Be6 9. Re1 g6 10. Bf1 a6 11. b3 Bg7 12. a4 d5 13. exd5 Nxd5 14. Nxd5 Qxd5 15. Qxd5 Bxd5 16. Nxe5 Bxe5 17. Bb2 f6 18. f4 O-O-O 19. fxe5 f5 20. Bd3 Rhe8 21. Bc3 Bxb3 22. Bxf5+ gxf5 23. cxb3 Rd3 24. Rac1 f4 25. Re4 f3 26. g3 Kd7 27. Kf2 Ke6 28. Rf4 Rc8 29. Rf6+ Kd7 30. e6+ Ke7 31. Rxf3 Ne5 32. Bb4+ Kxe6 33. Rf6+ Kxf6 34. Rxc8 Ng4+ 35. Ke2 Rxb3 36. Bc3+ Kf7 37. Kd3 Rb6 38. Rc4 h5 39. h3 Nf2+ 40. Kc2 Nxh3 41. Rh4 Ng5 42. Rxh5 Ne4 43. Be1 Rc6+ 1/2-1/2

[Event "1000GM Spring Break Schev-C 2024"]
[Site "San Jose"]
[Date "2024.04.04"]
[Round "4.3"]
[White "Guo, Ethan"]
[Black "Alarcon Bahamondez, Roberto Ignacio"]
[Result "1-0"]
[ECO "B13"]
[WhiteElo "2211"]
[BlackElo "2300"]
[Annotator "RC"]
[PlyCount "119"]
[EventDate "2024.03.28"]
[EventType "schev"]
[EventCountry "USA"]
[SourceTitle "playchess.com"]
[Source "ChessBase"]
[SourceQuality "1"]
[TimeControl "5400+30"]

1. e4 c6 2. d4 d5 3. exd5 cxd5 4. Bd3 Nf6 5. c3 Bg4 6. Qb3 Qd7 7. Nd2 Nc6 8. Ngf3 Qc7 9. h3 Bd7 10. O-O e6 11. Re1 Bd6 12. Nf1 h6 13. Qc2 Nh5 14. Qe2 Nf4 15. Bxf4 Bxf4 16. Ne5 Rc8 17. Nxd7 Qxd7 18. Qg4 g5 19. g3 Bd6 20. Ne3 Kd8 21. Kg2 Kc7 22. Nxd5+ exd5 23. Bf5 Qd8 24. Bxc8 Qxc8 25. Qf3 Qd7 26. Qxd5 Nd8 27. c4 Qc6 28. Qxc6+ bxc6 29. c5 Bf8 30. b4 Ne6 31. Rad1 Bg7 32. d5 cxd5 33. Rxd5 Bc3 34. Re4 Re8 35. Rc4 Ba1 36. c6 Re7 37. a4 a6 38. b5 axb5 39. axb5 Kb6 40. Ra4 Nc7 41. Rd8 Be5 42. Rb8+ Kc5 43. b6 Nd5 44. c7 Nxb6 45. Rxb6 Rxc7 46. Rxh6 f6 47. Ra2 Kd4 48. Rh8 Ke4 49. Re2+ Kf5 50. h4 g4 51. Rg8 Rc3 52. h5 Rc7 53. Re1 Rh7 54. Rh1 Rh6 55. Rh4 Rh7 56. h6 Ke6 57. Rgxg4 Kf5 58. Rg7 Rh8 59. f4 Bd6 60. h7 1-0